 Dungeon Crawl Stone Soup version 0.31-a0-188-g5e087ee2ca (webtiles) character file.

Game seed: 10754229863210504575

17 qw the Shooter (level 2, 0/16 HPs)
             Began as a Deep Elf Hunter on June 23, 2023.
             Slain by an adder (1 damage)
             ... on level 2 of the Dungeon.
             The game lasted 00:00:12 (749 turns).

qw the Shooter (Deep Elf Hunter)                     Turns: 749, Time: 00:00:13

Health: 0/16       AC:  3    Str:  8    XL:     2   Next: 44%
Magic:  4/4        EV: 12    Int: 13    God:
Gold:   42         SH:  0    Dex: 18    Spells: 1/1 levels left

rFire   . . .        Y - +0 shortbow (freeze)
rCold   . . .        (shield currently unavailable)
rNeg    . . .        c - +0 leather armour
rPois   .            (no helmet)
rElec   .            (no cloak)
rCorr   .            (no gloves)
SInv    .            (no boots)
Will    .....        (no amulet)
Stlth   ++           (no ring)
HPRegen 0.22/turn    (no ring)
MPRegen 0.09/turn

%: no passive effects
@: lethally poisoned (0 -> -8)
A: no striking features
a: no special abilities


You were on level 2 of the Dungeon.
You visited 1 branch of the dungeon, and saw 2 of its levels.

You collected 42 gold pieces.


   Skills:
 - Level 1.5 Fighting
 + Level 6.2 Ranged Weapons
 - Level 2.4 Dodging
 - Level 1.2 Stealth


You had one spell level left.
You didn't know any spells.
Your spell library was empty.

Inventory:

Hand Weapons
 Y - a +0 shortbow of freezing (weapon)
Armour
 c - a +0 leather armour (worn)

Dungeon Overview and Level Annotations

Branches:
Dungeon (2/15)

Altars:


Message History

A bat comes into view.
You shoot an arrow. The arrow hits the bat.
The arrow freezes the bat.
The bat is heavily wounded.
The bat closely misses you.
You shoot an arrow. The arrow hits the bat.
The arrow freezes the bat.
You kill the bat!
You see here a bat corpse.
An adder comes into view.
You shoot an arrow. The arrow closely misses the adder.
You shoot an arrow. The arrow barely misses the adder.
The adder bites you.
You shoot an arrow. The arrow barely misses the adder.
The adder closely misses you. The adder bites you but does no damage.
You shoot an arrow. The arrow closely misses the adder.
The adder bites you.
You shoot an arrow. The arrow hits the adder.
The arrow freezes the adder.
The adder is moderately wounded.
The adder closely misses you. x2
You shoot an arrow. The arrow closely misses the adder.
The adder barely misses you.
You shoot an arrow. The arrow closely misses the adder.
The adder barely misses you. The adder bites you but does no damage.
You shoot an arrow. The arrow hits the adder.
The arrow freezes the adder.
The adder is heavily wounded.
The adder bites you but does no damage.
You shoot an arrow. The arrow closely misses the adder.
The adder bites you.
You are poisoned.
The adder poisons you! The adder bites you.
You are more poisoned.
The adder poisons you!
You shoot an arrow. The arrow barely misses the adder.
You feel very sick. The adder bites you.
You are more poisoned.
The adder poisons you!
You shoot an arrow. The arrow misses the adder.
You feel very sick. The adder bites you but does no damage.
The adder bites you.
You die...

### ##.##
##.#.#######
..###.<..%.#
##.#.#####.#######
##.## #.......###
### ####...@..#
#.##S#.# #.##.# #
#.#..# #.#.## #.#.
#... ###.


You could see an adder.

Vanquished Creatures
  2 dart slugs (D:1)
  A bat (D:2)
  An endoplasm (D:1)
  A hobgoblin (D:1)
  3 quokkas (D:1)
  2 ball pythons (D:1)
  3 rats (D:1)
13 creatures vanquished.

Notes
Turn   | Place    | Note
-------+----------+-------------------------------------------
     0 | D:1      | qw the Deep Elf Hunter began the quest for the Orb.
     0 | D:1      | Reached XP level 1. HP: 12/12 MP: 3/3
     0 | D:1      | 0 ||| qw: Version: 0.3-a-9-g12657ce
     0 | D:1      | 0 ||| qw: Game counter: 4156
     0 | D:1      | 0 ||| qw: Always use a shield: true
     0 | D:1      | 0 ||| qw: God list: Okawaru
     0 | D:1      | 0 ||| qw: Allow faded altars: false
     0 | D:1      | 0 ||| qw: Do Orc after D:15 true
     0 | D:1      | 0 ||| qw: Do second Lair branch before Depths: true
     0 | D:1      | 0 ||| qw: Lair rune preference: random
     0 | D:1      | 0 ||| qw: Plans: Normal
     0 | D:1      | 0 ||| PLANNING D:1-11
    32 | D:1      | 32 ||| FLEEEEING.
    33 | D:1      | 33 ||| FLEEEEING.
    34 | D:1      | 34 ||| FLEEEEING.
    36 | D:1      | 36 ||| FLEEEEING.
    75 | D:1      | Found a faded altar of an unknown god.
   194 | D:1      | Reached skill level 6 in Ranged Weapons
   194 | D:1      | Reached XP level 2. HP: 16/16 MP: 4/4
   652 | D:1      | 652 ||| READING scroll labelled ETOMEOFOCU.
   653 | D:1      | 653 ||| READING scroll labelled QIG LEIPEVVULI.
   654 | D:1      | 654 ||| READING scroll labelled VOFASK ERUAZ.
   655 | D:1      | 655 ||| DROPPING scroll of butterflies.
   748 | D:2      | HP: 4/16 [adder (3)]
   749 | D:2      | HP: 1/16 [poisoned by an adder]
   749 | D:2      | Slain by an adder

Levels and vault maps discovered:
D:1:      dpeg_arrival_radiant, layout_loops_ring,
          chequers_ecumenical_altar_island, minmay_tetromino_i2
D:2:      layout_loops_cross, serial_rivers, chequers_serial_rivers_micro_c,
          chequers_serial_rivers_micro_e, chequers_serial_rivers_large_a,
          chequers_serial_rivers_micro_a, minmay_lizard_king

Skill      XL: |  1 |
---------------+----+-----
Ranged Weapons | 6 |  6.2
Fighting       | |  1.5
Dodging        | |  2.4
Stealth        | |  1.2

Action                     || total
---------------------------++-------
   Fire: Shortbow          ||    41
    Use: Scroll            ||     3
 Armour: Leather armour    ||     4
  Dodge: Dodged            ||    12

Table legend:
 A = Non-vault XP
 B = Vault XP
 C = Vault XP percentage of total XP
 D = Non-vault monster count
 E = Vault monster count
 F = Vault count percentage of total count
                 A         B        C        D         E       F
            +---------+---------+-------+---------+---------+-------
      Total |      20 |       5 |  20.0 |      11 |       2 |  15.4
            +---------+---------+-------+---------+---------+-------
        D:1 |      18 |       5 |  21.7 |      10 |       2 |  16.7
        D:2 |       2 |       0 |   0.0 |       1 |       0 |   0.0
            +---------+---------+-------+---------+---------+-------
